[ AOE2 MATCH · #507963114 ]
UnrankedBengalis vs Slavs
Player's team · LOSS
Rival team · WIN
[ REPLAY ANALYSIS · EXTRACTED FROM THE RECORDED GAME ]
Feudal
11:48
Castle
25:14
Imperial
—
| APM avg | 46.7 |
| APM peak | 101 |
| eAPM avg | 23.4 |
| Villagers / military | 76 / 121 |
Focus
⚔️ 48.5% · 🌾 51.5%
Archer ×61 · Scout Cavalry ×28 · Monk ×22 · Militia ×5 · Battle Elephant ×2 · Mangonel ×1
Feudal
9:53
Castle
22:26
Imperial
—
| APM avg | 43.2 |
| APM peak | 121 |
| eAPM avg | 24.0 |
| Villagers / military | 150 / 81 |
Focus
⚔️ 35.6% · 🌾 64.4%
Militia ×58 · Skirmisher ×8 · Monk ×6 · Mangonel ×6 · Spearman ×3
Match map
Initial resources + every placement click. Lines = walls · curves = elevation contours. ◆ gold · ⬟ stone · ● berries · ✦ relic · ◌ wall gap
Your base· ✓ Closed at 25:14 · 65t walls · 2 gate(s)
L0has's base· Open — unwalled flank
Smoothed initial terrain · ◌ = detected wall gap · hover for details
Inputs per minute
— Fs.Correia banhada a óleo - - L0has
Build order — Fs.Correia banhada a óleo
First 150 of 334 actions detected
| 0:01 | Queue | Villager (Male) |
| 0:02 | Queue | Villager (Male) |
| 0:02 | Queue | Villager (Male) |
| 0:02 | Queue | Villager (Male) |
| 0:02 | Queue | Villager (Male) |
| 0:03 | Build | House |
| 0:04 | Build | House |
| 1:31 | Queue | Villager (Male) |
| 1:31 | Queue | Villager (Male) |
| 2:01 | Queue | Villager (Male) |
| 2:01 | Queue | Villager (Male) |
| 2:11 | Build | Lumber Camp |
| 2:22 | Queue | Villager (Male) |
| 2:22 | Queue | Villager (Male) |
| 2:57 | Queue | Villager (Male) |
| 2:57 | Queue | Villager (Male) |
| 3:11 | Queue | Villager (Male) |
| 3:29 | Build | House |
| 3:37 | Build | House |
| 4:02 | Queue | Villager (Male) |
| 4:03 | Queue | Villager (Male) |
| 4:19 | Queue | Villager (Male) |
| 4:19 | Queue | Villager (Male) |
| 4:27 | Build | Mill |
| 4:41 | Queue | Villager (Male) |
| 5:02 | Queue | Villager (Male) |
| 5:03 | Queue | Villager (Male) |
| 5:33 | Queue | Villager (Male) |
| 5:40 | Queue | Villager (Male) |
| 5:49 | Queue | Villager (Male) |
| 6:17 | Build | House |
| 7:03 | Research | Loom |
| 7:07 | Build | Barracks |
| 7:15 | Queue | Villager (Male) |
| 7:35 | Queue | Villager (Male) |
| 7:45 | Build | Palisade Wall |
| 8:04 | Queue | Villager (Male) |
| 8:06 | Queue | Militia |
| 8:06 | Queue | Militia |
| 8:14 | Queue | Militia |
| 8:21 | Build | Mining Camp |
| 8:29 | Queue | Villager (Male) |
| 8:40 | Build | House |
| 8:41 | Build | Palisade Wall |
| 9:01 | Queue | Militia |
| 9:12 | Build | Palisade Wall |
| 9:13 | Build | Palisade Wall |
| 9:16 | Build | Palisade Wall |
| 9:17 | Build | Palisade Wall |
| 9:18 | Build | Palisade Wall |
| 9:21 | Build | Palisade Wall |
| 9:22 | Build | House |
| 9:38 | Research | Feudal Age |
| 9:53 | Build | House |
| 9:55 | Build | Palisade Wall |
| 10:06 | Build | Palisade Wall |
| 10:07 | Build | Palisade Wall |
| 10:08 | Build | Palisade Wall |
| 10:26 | Queue | Villager (Male) |
| 10:59 | Queue | Villager (Male) |
| 11:05 | Build | House |
| 11:21 | Queue | Villager (Male) |
| 11:38 | Build | House |
| 11:42 | Build | House |
| 11:48 | Age | Feudal Age |
| 12:01 | Research | Man-at-Arms (upgrade) |
| 12:23 | Build | Archery Range |
| 12:27 | Queue | Villager (Male) |
| 12:43 | Build | Palisade Gate |
| 13:02 | Build | Palisade Wall |
| 13:09 | Build | House |
| 13:10 | Queue | Archer |
| 13:10 | Queue | Archer |
| 13:17 | Queue | Archer |
| 13:17 | Queue | Archer |
| 13:25 | Queue | Villager (Male) |
| 13:28 | Build | Farm |
| 13:30 | Queue | Militia |
| 13:51 | Queue | Villager (Male) |
| 13:51 | Queue | Villager (Male) |
| 13:54 | Build | House |
| 14:02 | Build | Palisade Wall |
| 14:04 | Build | Palisade Wall |
| 14:06 | Build | Palisade Wall |
| 14:07 | Build | Palisade Wall |
| 14:09 | Build | Palisade Wall |
| 14:19 | Build | House |
| 14:21 | Build | Palisade Wall |
| 14:36 | Queue | Archer |
| 14:37 | Queue | Villager (Male) |
| 14:37 | Queue | Villager (Male) |
| 14:51 | Build | Farm |
| 14:52 | Build | Farm |
| 15:24 | Queue | Archer |
| 15:30 | Build | Farm |
| 15:31 | Build | Farm |
| 15:35 | Queue | Villager (Male) |
| 15:37 | Build | Blacksmith |
| 15:38 | Build | House |
| 15:55 | Build | Farm |
| 15:56 | Build | Farm |
| 15:59 | Queue | Villager (Male) |
| 16:06 | Queue | Archer |
| 16:25 | Queue | Villager (Male) |
| 16:33 | Build | Palisade Wall |
| 16:35 | Queue | Villager (Male) |
| 16:41 | Build | Palisade Gate |
| 16:42 | Build | Palisade Wall |
| 16:44 | Build | Palisade Wall |
| 16:55 | Build | Farm |
| 16:56 | Build | Farm |
| 16:57 | Queue | Villager (Male) |
| 17:00 | Build | Lumber Camp |
| 17:01 | Queue | Villager (Male) |
| 17:21 | Research | Fletching |
| 17:38 | Queue | Archer |
| 17:38 | Queue | Archer |
| 17:42 | Queue | Villager (Male) |
| 17:42 | Queue | Villager (Male) |
| 17:50 | Build | Stable |
| 18:08 | Build | House |
| 18:10 | Research | Double-Bit Axe |
| 18:14 | Build | Farm |
| 18:29 | Queue | Villager (Male) |
| 18:36 | Build | Farm |
| 18:51 | Queue | Villager (Male) |
| 18:54 | Build | Farm |
| 18:56 | Build | Farm |
| 18:58 | Queue | Villager (Male) |
| 19:01 | Build | Farm |
| 19:17 | Queue | Scout Cavalry |
| 19:34 | Build | Farm |
| 19:39 | Queue | Villager (Male) |
| 19:46 | Build | Market |
| 19:49 | Build | Farm |
| 20:01 | Queue | Scout Cavalry |
| 20:17 | Queue | Scout Cavalry |
| 20:21 | Queue | Villager (Male) |
| 21:31 | Queue | Archer |
| 21:31 | Queue | Archer |
| 21:32 | Queue | Scout Cavalry |
| 22:34 | Research | Castle Age |
| 22:37 | Build | Archery Range |
| 23:22 | Queue | Archer |
| 23:23 | Queue | Archer |
| 23:23 | Queue | Archer |
| 23:25 | Queue | Archer |
| 23:48 | Queue | Archer |
| 23:49 | Queue | Archer |
| 23:52 | Queue | Scout Cavalry |
Build order — L0has
First 150 of 359 actions detected
| 0:01 | Queue | Villager (Male) |
| 0:02 | Build | House |
| 0:04 | Build | House |
| 0:24 | Queue | Villager (Male) |
| 0:25 | Queue | Villager (Male) |
| 0:41 | Queue | Villager (Male) |
| 1:25 | Queue | Villager (Male) |
| 2:01 | Queue | Villager (Male) |
| 2:14 | Build | Lumber Camp |
| 2:22 | Queue | Villager (Male) |
| 2:56 | Queue | Villager (Male) |
| 3:07 | Build | House |
| 3:08 | Build | House |
| 3:15 | Queue | Villager (Male) |
| 3:47 | Queue | Villager (Male) |
| 3:48 | Queue | Villager (Male) |
| 4:16 | Queue | Villager (Male) |
| 4:40 | Queue | Villager (Male) |
| 4:48 | Build | Mill |
| 5:04 | Queue | Villager (Male) |
| 5:17 | Queue | Villager (Male) |
| 5:50 | Queue | Villager (Male) |
| 5:56 | Queue | Villager (Male) |
| 6:45 | Queue | Villager (Male) |
| 7:05 | Research | Loom |
| 7:17 | Build | Barracks |
| 7:43 | Research | Feudal Age |
| 8:07 | Build | Mining Camp |
| 8:12 | Queue | Militia |
| 8:28 | Queue | Militia |
| 8:49 | Queue | Militia |
| 9:08 | Build | Palisade Wall |
| 9:09 | Build | Palisade Wall |
| 9:31 | Queue | Villager (Male) |
| 9:52 | Build | House |
| 9:53 | Age | Feudal Age |
| 9:56 | Research | Double-Bit Axe |
| 9:58 | Research | Man-at-Arms (upgrade) |
| 10:15 | Queue | Villager (Male) |
| 10:31 | Research | Horse Collar |
| 10:46 | Queue | Villager (Male) |
| 10:53 | Queue | Villager (Male) |
| 11:04 | Queue | Villager (Male) |
| 11:13 | Queue | Villager (Male) |
| 11:56 | Queue | Villager (Male) |
| 12:22 | Queue | Villager (Male) |
| 12:24 | Build | Farm |
| 12:26 | Build | Farm |
| 12:26 | Build | Farm |
| 12:29 | Build | Farm |
| 12:31 | Build | Farm |
| 12:33 | Build | Farm |
| 12:35 | Build | Farm |
| 12:38 | Build | Farm |
| 12:39 | Queue | Villager (Male) |
| 13:21 | Queue | Villager (Male) |
| 13:45 | Build | Farm |
| 13:49 | Build | Archery Range |
| 13:55 | Build | House |
| 13:56 | Build | House |
| 13:57 | Build | House |
| 14:03 | Build | Lumber Camp |
| 14:04 | Queue | Villager (Male) |
| 14:05 | Queue | Villager (Male) |
| 14:33 | Build | House |
| 14:46 | Build | Farm |
| 14:56 | Queue | Spearman |
| 14:59 | Queue | Villager (Male) |
| 14:59 | Queue | Villager (Male) |
| 15:20 | Queue | Villager (Male) |
| 15:31 | Queue | Skirmisher |
| 15:31 | Queue | Skirmisher |
| 15:41 | Queue | Villager (Male) |
| 15:43 | Queue | Skirmisher |
| 15:47 | Build | Blacksmith |
| 15:51 | Build | House |
| 15:52 | Build | House |
| 16:04 | Queue | Villager (Male) |
| 16:10 | Build | House |
| 16:12 | Queue | Skirmisher |
| 16:28 | Build | Farm |
| 16:41 | Build | Farm |
| 16:42 | Research | Fletching |
| 16:48 | Build | House |
| 16:55 | Queue | Villager (Male) |
| 16:58 | Build | House |
| 16:59 | Build | House |
| 17:15 | Build | Farm |
| 17:27 | Queue | Villager (Male) |
| 17:45 | Queue | Spearman |
| 17:47 | Build | Farm |
| 17:50 | Build | Farm |
| 18:04 | Research | Padded Archer Armor |
| 18:05 | Queue | Villager (Male) |
| 18:05 | Queue | Villager (Male) |
| 18:06 | Queue | Villager (Male) |
| 18:06 | Queue | Villager (Male) |
| 18:06 | Queue | Villager (Male) |
| 18:14 | Build | Farm |
| 18:14 | Build | Farm |
| 18:15 | Build | Farm |
| 18:15 | Build | Farm |
| 18:15 | Build | Farm |
| 18:19 | Build | Farm |
| 18:20 | Build | Farm |
| 18:20 | Build | Farm |
| 18:30 | Build | Palisade Wall |
| 18:59 | Build | Farm |
| 19:14 | Build | House |
| 19:20 | Build | House |
| 19:21 | Build | House |
| 19:22 | Build | House |
| 19:23 | Build | House |
| 19:33 | Build | House |
| 19:46 | Research | Castle Age |
| 19:49 | Queue | Skirmisher |
| 19:49 | Queue | Skirmisher |
| 20:00 | Build | Barracks |
| 20:25 | Research | Gold Mining |
| 20:58 | Queue | Skirmisher |
| 20:59 | Queue | Skirmisher |
| 21:13 | Build | House |
| 21:24 | Build | House |
| 21:31 | Build | House |
| 21:35 | Build | House |
| 21:44 | Build | House |
| 21:49 | Build | Palisade Wall |
| 21:53 | Queue | Spearman |
| 22:26 | Age | Castle Age |
| 22:30 | Build | Siege Workshop |
| 22:34 | Queue | Villager (Male) |
| 22:37 | Queue | Villager (Male) |
| 22:37 | Queue | Villager (Male) |
| 22:45 | Research | Long Swordsman (upgrade) |
| 22:46 | Research | Scale Mail Armor |
| 22:56 | Build | House |
| 22:59 | Build | House |
| 23:02 | Build | House |
| 23:04 | Build | House |
| 23:12 | Queue | Mangonel |
| 23:14 | Queue | Villager (Male) |
| 23:28 | Queue | Militia |
| 23:28 | Queue | Militia |
| 23:28 | Queue | Militia |
| 23:29 | Queue | Militia |
| 23:33 | Queue | Villager (Male) |
| 23:38 | Queue | Villager (Male) |
| 23:48 | Queue | Villager (Male) |
| 23:52 | Queue | Militia |
| 23:53 | Queue | Militia |
Match timeline
| 7:07 | Fs.Correia banhada a óleo · first_building Barracks |
| 7:17 | L0has · first_building Barracks |
| 7:45 | Fs.Correia banhada a óleo · wall_segment Palisade Wall x3 |
| 8:41 | Fs.Correia banhada a óleo · wall_segment Palisade Wall x1 |
| 9:08 | L0has · wall_segment Palisade Wall x1 |
| 9:09 | L0has · wall_segment Palisade Wall x1 |
| 9:12 | Fs.Correia banhada a óleo · wall_segment Palisade Wall x1 |
| 9:13 | Fs.Correia banhada a óleo · wall_segment Palisade Wall x1 |
| 9:16 | Fs.Correia banhada a óleo · wall_segment Palisade Wall x1 |
| 9:17 | Fs.Correia banhada a óleo · wall_segment Palisade Wall x1 |
| 9:18 | Fs.Correia banhada a óleo · wall_segment Palisade Wall x1 |
| 9:21 | Fs.Correia banhada a óleo · wall_segment Palisade Wall x1 |
| 9:53 | L0has · age_up feudal |
| 9:55 | Fs.Correia banhada a óleo · wall_segment Palisade Wall x20 |
| 10:06 | Fs.Correia banhada a óleo · wall_segment Palisade Wall x1 |
| 10:07 | Fs.Correia banhada a óleo · wall_segment Palisade Wall x1 |
| 10:08 | Fs.Correia banhada a óleo · wall_segment Palisade Wall x7 |
| 11:48 | Fs.Correia banhada a óleo · age_up feudal |
| 12:23 | Fs.Correia banhada a óleo · first_building Archery Range |
| 13:02 | Fs.Correia banhada a óleo · wall_segment Palisade Wall x1 |
| 13:49 | L0has · first_building Archery Range |
| 14:02 | Fs.Correia banhada a óleo · wall_segment Palisade Wall x1 |
| 14:04 | Fs.Correia banhada a óleo · wall_segment Palisade Wall x1 |
| 14:06 | Fs.Correia banhada a óleo · wall_segment Palisade Wall x1 |
| 14:07 | Fs.Correia banhada a óleo · wall_segment Palisade Wall x1 |
| 14:09 | Fs.Correia banhada a óleo · wall_segment Palisade Wall x1 |
| 14:21 | Fs.Correia banhada a óleo · wall_segment Palisade Wall x7 |
| 16:33 | Fs.Correia banhada a óleo · wall_segment Palisade Wall x7 |
| 16:42 | Fs.Correia banhada a óleo · wall_segment Palisade Wall x4 |
| 16:44 | Fs.Correia banhada a óleo · wall_segment Palisade Wall x4 |
| 17:50 | Fs.Correia banhada a óleo · first_building Stable |
| 18:30 | L0has · wall_segment Palisade Wall x8 |
| 21:49 | L0has · wall_segment Palisade Wall x1 |
| 22:26 | L0has · age_up castle |
| 22:30 | L0has · first_building Siege Workshop |
| 22:32 | Fs.Correia banhada a óleo · first_market_buy 100 food |
| 25:14 | Fs.Correia banhada a óleo · age_up castle |
| 25:23 | Fs.Correia banhada a óleo · first_building Monastery |
| 26:09 | Fs.Correia banhada a óleo · wall_segment Palisade Wall x1 |
| 26:11 | Fs.Correia banhada a óleo · wall_segment Palisade Wall x1 |
| 26:30 | Fs.Correia banhada a óleo · first_market_sell 100 wood |
| 26:44 | Fs.Correia banhada a óleo · wall_segment Palisade Wall x1 |
| 29:18 | Fs.Correia banhada a óleo · first_building Siege Workshop |
| 30:46 | L0has · first_building Monastery |
| 32:16 | L0has · wall_segment Palisade Wall x1 |
| 34:17 | L0has · wall_segment Palisade Wall x1 |
| 34:19 | L0has · wall_segment Palisade Wall x1 |
| 39:20 | L0has · first_building Castle |
| 41:08 | Fs.Correia banhada a óleo · wall_segment Palisade Wall x1 |
| 41:14 | Fs.Correia banhada a óleo · wall_segment Palisade Wall x1 |
| 41:15 | Fs.Correia banhada a óleo · wall_segment Palisade Wall x1 |
| 41:16 | Fs.Correia banhada a óleo · wall_segment Palisade Wall x1 |
| 41:17 | Fs.Correia banhada a óleo · wall_segment Palisade Wall x1 |
| 43:55 | Fs.Correia banhada a óleo · resign |
[ AI ANALYSIS · 1 CREDIT ]
What really happened in this match?
Wolo.gg analyzes every decision: build order, eco, micro, common mistakes by bracket. Personalized analysis on WhatsApp or Discord in 30 seconds.
Civ guide
Bengalis
Perfil
Jugador #2460005